 Dungeon Crawl Stone Soup version 0.19.0 (webtiles) character file.

4146 Danakh the Cleaver (level 10, -2/88 HPs)
             Began as a Minotaur Fighter on Nov 5, 2016.
             Was a Believer of Ru.
             Killed from afar by a catoblepas (3 damage)
             ... with a blast of calcifying dust
             ... on level 8 of the Dungeon.
             The game lasted 00:20:49 (5825 turns).

Danakh the Cleaver (Minotaur Fighter)               Turns: 5825, Time: 00:20:50

Health: -2/88      AC: 18    Str: 29    XL:     10   Next: 7%
Magic:  9/9        EV:  2    Int:  5    God:    Ru [**....]
Gold:   632        SH:  0    Dex: 20    Spells: 0 memorised, 9 levels left

rFire  x . .     SeeInvis .     a - +1 war axe
rCold  + . .     Gourm    .     D - +0 plate armour
rNeg   + + +     Faith    +     I - +2 shield
rPois  ∞         Spirit   .     (helmet restricted)
rElec  .         Reflect  .     (no cloak)
rCorr  .         Harm     .     s - +0 pair of gloves
MR     .....                    H - +2 pair of boots
Stlth  ..........               u - amulet of faith
                                b - ring of wizardry
                                E - ring "Yvuesy" {Ice rPois rN+ Dex+5 Stlth-}

@: mighty, agile, exhausted, petrified, slowed
A: retaliatory headbutt, horns 2, unskilled 1
a: Renounce Religion


You were on level 8 of the Dungeon.
You worshipped Ru.
Ru was pleased with you.
You were not hungry.

You visited 2 branches of the dungeon, and saw 9 of its levels.
You also visited: Sewer.

You collected 632 gold pieces.

Inventory:

Hand Weapons
 a - a +1 war axe (weapon)
Armour
 s - a +0 pair of gloves (worn)
 D - a +0 plate armour (worn)
 H - a +2 pair of boots (worn)
 I - a +2 shield (worn)
Jewellery
 b - a ring of wizardry (right hand)
 e - an uncursed amulet of regeneration
 u - an amulet of faith (around neck)
 E - the ring "Yvuesy" (left hand) {Ice rPois rN+ Dex+5 Stlth-}
   (You found it on level 7 of the Dungeon)

   [ring of ice]

   It enhances your ice magic.
   It affects your dexterity (+5).
   It makes you vulnerable to fire.
   It protects you from cold.
   It protects you from poison.
   It protects you from negative energy.
   It makes you less stealthy.
 F - an uncursed amulet of magic regeneration {unknown}
Wands
 k - a wand of iceblast (14/15)
 t - a wand of acid (3/15)
 v - a wand of acid (9/15)
Scrolls
 g - a scroll of magic mapping
 j - 4 scrolls of amnesia
 m - 4 scrolls of remove curse
 n - a scroll of fear
 p - 4 scrolls of teleportation
 r - a scroll of blinking
 y - a scroll of recharging
 C - a scroll of identify
Potions
 h - a potion of cure mutation
 i - 2 potions of curing
 l - 3 potions of invisibility
 q - a potion of lignification
 w - 2 potions of agility
 z - 2 potions of flight
 G - a potion of degeneration {unknown}
Comestibles
 f - 7 bread rations
 o - 6 fruits
 A - 7 chunks of flesh


   Skills:
 + Level 7.7 Fighting
 * Level 10.4 Axes
 + Level 7.9 Armour
 + Level 7.9 Shields


You had 9 spell levels left.
You didn't know any spells.

Dungeon Overview and Level Annotations

Branches:
Dungeon (8/15)             Temple (1/1) D:5
   Lair: D:8-11

Altars:
Elyvilon
Ru
Xom
The Shining One


Innate Abilities, Weirdness & Mutations

You reflexively headbutt those who attack you in melee.
You have a pair of horns on your head.
You are somewhat unskilled. (-1 Apt)


Message History

The orc knight hits you but does no damage.
The catoblepas breathes a plume of calcifying dust at you.
The blast of calcifying dust hits you!
You are engulfed in calcifying dust.
The deep elf mage casts a spell.
The deep elf mage blinks!
The catoblepas breathes a plume of calcifying dust at you.
The blast of calcifying dust hits you!
The orc knight hits you from afar with a halberd of flaming!
* * * LOW HITPOINT WARNING * * *
The orc knight burns you.
* * * LOW HITPOINT WARNING * * *
You are engulfed in calcifying dust.
You feel less woody.
Your +0 pair of gloves unmelds from your body.
Your +2 pair of boots unmelds from your body.
Your +0 plate armour unmelds from your body.
The catoblepas breathes a plume of calcifying dust at you.
The blast of calcifying dust hits you!
You die...

.# ##.## .# #. #..# .#
.. #..# .## #. #..###
..# ##. ########...#
..# .. #...(# #.#.# ))#
#. ####:#####.#.#
).####
#.##l##.##.##)##.#.####
)....#
#...oY@§§.....##.#.....
..##.#
#%##§##.##.##.##.######
..##.#### #.
####.##.##.####
..##....# ).
#...####.... ..#####.#
### ####.#####..#####
..# #.####
#.##.##.##......# ..#
#.#..####
#...)..(.'...##.# ..#
#.#..<..#
#[##.##.###..<..# ###
#.......#
####.######...###


You could see a catoblepas, an orc knight and an iguana.

Vanquished Creatures
  A troll (D:8)
  A two-headed ogre (D:8)
  A hungry ghost (D:7)
  4 orc warriors
  2 sky beasts
  An ice beast (D:5)
  4 ogres
  A centaur (D:8)
  A big kobold (Sewer)
  5 bullfrogs
  2 scorpions
  15 wights
  2 howler monkeys (D:8)
  3 crimson imps
  A centaur zombie (D:8)
  A quasit (D:7)
  2 hounds (D:8)
  2 jellies
  2 orc priests
  2 bullfrog skeletons
  A gnoll shaman (D:7)
  2 iguanas
  6 orc wizards
  3 worker ants
  A hound zombie (D:5)
  A hound skeleton (D:5)
  2 howler monkey zombies
  3 gnolls (D:7)
  A howler monkey skeleton (D:4)
  11 adders
  A river rat (Sewer)
  An ooze (D:2)
  3 adder zombies
  3 adder skeletons
  3 worms
  A dart slug (D:1)
  2 leopard geckos
  33 orcs
  8 bats
  9 giant cockroaches
  8 goblins
  8 hobgoblins
  8 jackals
  7 kobolds
  5 quokkas
  A ball python (D:4)
  A ball python skeleton (D:3)
  5 frilled lizards
  A jackal skeleton (D:4)
  A leopard gecko skeleton (D:4)
  2 quokka zombies (D:5)
  9 rats
204 creatures vanquished.

Vanquished Creatures (others)
  A manticore (D:8)
1 creature vanquished.

Grand Total: 205 creatures vanquished

Notes
Turn   | Place    | Note
-------+----------+-------------------------------------------
     0 | D:1      | Danakh the Minotaur Fighter began the quest for the Orb.
     0 | D:1      | Reached XP level 1. HP: 19/19 MP: 0/0
   150 | D:1      | Reached XP level 2. HP: 27/27 MP: 1/1
   653 | D:2      | Reached skill level 3 in Axes
   836 | D:2      | Found a shimmering altar of Xom.
   837 | D:2      | Found a shimmering altar of Xom.
   837 | D:2      | Found a shimmering altar of Xom.
   837 | D:2      | Found a shimmering altar of Xom.
   837 | D:2      | Found a shimmering altar of Xom.
   846 | D:2      | You fall through a shaft!
   857 | D:3      | Reached XP level 3. HP: 33/33 MP: 2/2
   868 | D:3      | Reached XP level 4. HP: 37/40 MP: 3/3
   975 | D:3      | Reached skill level 4 in Axes
  1316 | D:2      | Reached XP level 5. HP: 45/46 MP: 4/4
  2043 | D:3      | Reached skill level 5 in Axes
  2139 | D:4      | Reached skill level 5 in Armour
  2199 | D:4      | Reached XP level 6. HP: 50/53 MP: 5/5
  2221 | D:4      | Found a glowing drain.
  2237 | Sewer    | Entered a sewer
  2305 | Sewer    | Reached skill level 5 in Shields
  2336 | Sewer    | Found a white marble altar of Elyvilon.
  2577 | D:4      | Reached skill level 5 in Fighting
  2915 | D:5      | Entered Level 5 of the Dungeon
  2952 | D:5      | Noticed an ice beast
  2961 | D:5      | Killed an ice beast
  2961 | D:5      | Reached skill level 6 in Axes
  2961 | D:5      | Reached XP level 7. HP: 41/61 MP: 6/6
  3433 | D:5      | Reached skill level 7 in Axes
  3558 | D:5      | Found a staircase to the Ecumenical Temple.
  3708 | Temple   | Entered the Ecumenical Temple
  3724 | Temple   | Became a worshipper of Ru the Awakened
  3828 | D:6      | Reached XP level 8. HP: 67/70 MP: 7/7
  3910 | D:6      | Reached skill level 8 in Axes
  4603 | D:7      | Reached skill level 9 in Axes
  4683 | D:7      | Got a flickering platinum ring
  4699 | D:7      | Identified the ring "Yvuesy" {Ice rPois rN+ Dex+5 Stlth-} (You found it on level 7 of the Dungeon)
  4895 | D:7      | Reached XP level 9. HP: 79/79 MP: 8/8
  5032 | D:7      | Gained mutation: You are somewhat unskilled. (-1 Apt) [Ru sacrifice]
  5032 | D:7      | Reduced skill Axes to level 8
  5032 | D:7      | Reached * piety under Ru
  5032 | D:7      | Reached ** piety under Ru
  5145 | D:7      | Reached skill level 9 in Axes
  5423 | D:8      | Identified the Volume of Changing
  5604 | D:8      | Reached skill level 10 in Axes
  5787 | D:8      | Noticed a troll
  5790 | D:8      | Noticed a deep elf mage
  5791 | D:8      | Noticed an orc knight
  5792 | D:8      | Noticed a manticore
  5803 | D:8      | HP: 4/118 [troll (4)]
  5808 | D:8      | Killed a troll
  5808 | D:8      | Reached XP level 10. HP: 21/86 MP: 9/9
  5810 | D:8      | Noticed a catoblepas
  5811 | D:8      | Killed a manticore
  5824 | D:8      | HP: 3/132 [orc knight/halberd of flaming (7)]
  5825 | D:8      | Killed from afar by a catoblepas

Skill      XL: |  1  2  3  4  5  6  7  8  9 |
---------------+----------------------------+-----
Shields        | 4 5 6 7 7 |  7.9
Axes           | 3 4 5 6 7 9 10 | 10.4
Armour         | 4 5 6 7 7 |  7.9
Fighting       | 4 5 7 7 |  7.7

Action                   |  1- 3 |  4- 6 |  7- 9 | 10-12 || total
-------------------------+-------+-------+-------+-------++-------
Melee: War axe           |    60 |   194 |   333 |     8 ||   595
       Headbutt          |    10 |    24 |    70 |       ||   104
Invok: Sacrifice Skill   |       |       |     1 |       ||     1
  Use: Scroll            |       |       |    15 |       ||    15
       Potion            |       |       |     6 |     1 ||     7
  Eat: Chunk             |       |     6 |    10 |       ||    16
       Beef jerky        |       |       |     1 |       ||     1
       Pizza             |       |       |     1 |       ||     1
Armor: Scale mail        |    29 |    74 |       |       ||   103
       Chain mail        |       |    12 |    24 |       ||    36
       Plate armour      |       |       |   157 |       ||   157
       Skin              |       |       |    19 |    17 ||    36
Dodge: Dodged            |    13 |    61 |    66 |     1 ||   141
Block: Shield            |    26 |   101 |   210 |     5 ||   342
